 Dungeon Crawl Stone Soup version 0.30-a0-937-ga0a21ad780 (webtiles) character file.

Game seed: 761569625889099696

86 FexLirch the Shooter (level 4, -3/25 HPs)
             Began as a Kobold Hexslinger on Mar 24, 2023.
             Slain by a gnoll
             ... wielding a +0 spear
              (5 damage)
             ... on level 2 of the Dungeon.
             The game lasted 00:02:54 (1522 turns).

FexLirch the Shooter (Kobold Hexslinger)            Turns: 1522, Time: 00:02:55

Health: -3/25      AC:  2    Str:  7    XL:     4   Next: 78%
Magic:  4/5        EV: 15    Int: 14    God:
Gold:   102        SH:  0    Dex: 17    Spells: 4/5 levels left

rFire   . . .      SeeInvis .    a - +1 sling
rCold   . . .      Faith    .    (no shield)
rNeg    . . .      Spirit   .    c - +0 robe
rPois   .          Reflect  .    (no helmet)
rElec   .          Rampage  .    (no cloak)
rCorr   .                        (no gloves)
Will    .....                    (no boots)
Stlth   +++                      (no amulet)
HPRegen 0.24/turn                (no ring)
MPRegen 0.09/turn                (no ring)

@: no status effects
A: small, no large weapons, nightstalker 3
a: no special abilities


You were on level 2 of the Dungeon.
You visited 1 branch of the dungeon, and saw 2 of its levels.

You collected 102 gold pieces.

Inventory:

Hand Weapons
 a - a +1 sling (weapon)
Missiles
 i - 24 stones
Armour
 c - a +0 robe (worn)
Jewellery
 d - a ring of resist corrosion
Scrolls
 b - a scroll of poison
 g - a scroll of fog {unknown}
 h - a scroll of blinking {unknown}
 j - a scroll of magic mapping {unknown}
 l - a scroll of enchant armour {unknown}
 m - a scroll of vulnerability {unknown}
 o - a scroll of identify {unknown}
Potions
 e - a potion of lignification {unknown}
 f - a potion of haste {unknown}
 k - a potion of heal wounds {unknown}
 n - a potion of ambrosia {unknown}


   Skills:
 - Level 1.1 Fighting
 * Level 5.2 Ranged Weapons
 - Level 2.4 Dodging
 - Level 1.1 Spellcasting
 + Level 3.8 Hexes


You had 4 spell levels left.
You knew the following spells:

 Your Spells              Type           Power      Damage    Failure   Level
a - Slow                  Hex            44%        N/A       5%          1

Your spell library contained the following spells:

 Spells                   Type           Power      Damage    Failure   Level
 Freeze                   Ice            0%         1d3       26%         1
 Inner Flame              Hex/Fire       6%         N/A       34%         3
 Portal Projectile        Hex/Tloc       12%        N/A       34%         3
 Cause Fear               Hex            5%         N/A       47%         4
 Frozen Ramparts          Ice            0%         1d1       61%         3
 Hailstorm                Conj/Ice       0%         3d3       61%         3


Dungeon Overview and Level Annotations

Branches:
Dungeon (2/15)

Altars:


Innate Abilities, Weirdness & Mutations

You are small and have problems with some larger weapons.
You are completely attuned to the shadows.


Message History

You shoot a sling bullet. The sling bullet hits the gnoll.
The gnoll is severely wounded.
The gnoll is no longer moving slowly.
The gnoll hits you from afar with a +0 spear.
You are too injured to fight recklessly!
Fire: a) +1 sling
Press: ? - help, Q - select action, (/) - cycle Shift-Dir - straight line, f/p - gnoll
Aim: a gnoll, wielding a +0 spear (severely wounded, 64% to hit)
You shoot a sling bullet. The sling bullet hits the gnoll.
The gnoll is almost dead.
The gnoll hits you from afar with a +0 spear!
* * * LOW HITPOINT WARNING * * *
The gnoll completely misses you.
You climb upwards.
There is a stone staircase leading down here.
You start resting.
Magic restored.
HP restored.
There is a stone staircase leading down here.
You climb downwards.
The gnoll hits you with a +0 spear. The gnoll closely misses you.
There is a stone staircase leading up, spattered with blood here.
You shoot a sling bullet.
The sling bullet closely misses the gnoll.
The gnoll hits you with a +0 spear.
Casting: Slow (safe; 5% risk of failure)
Confirm with . or Enter, or press ? or * to list all spells.
Aiming: Slow (safe; 5% risk of failure)
Press: ? - help, Shift-Dir - straight line, f/p - gnoll
Aim: a gnoll, wielding a +0 spear (moderately wounded, chance to affect: 53%)
The gnoll seems to slow down.
The gnoll hits you with a +0 spear.
You are too injured to fight recklessly!
You shoot a sling bullet.
The sling bullet closely misses the gnoll.
The gnoll hits you with a +0 spear!
* * * LOW HITPOINT WARNING * * *
You shoot a sling bullet.
The sling bullet closely misses the gnoll.
The gnoll hits you from afar with a +0 spear.
You die...

#
#########....###.####......#.
#................#######.....
.###.#######..).###....#
##.###.
......######....###.##.###..#
.####.....#######...##..#..##
#####.# ####.### #...## #.#
#....# ###..# #.####....#
##...# #...##.@..# ###..#.#
###.....<.# #...##.#
###....g###.####.#
..†..............
..##....##.##### .###....##.#
...........# ##.†...[...
##.........


You could see a gnoll (slow).

Vanquished Creatures
  3 gnolls
  An adder (D:2)
  3 dart slugs (D:1)
  6 endoplasms
  2 goblins
  2 hobgoblins (D:1)
  6 jackals
  4 kobolds (D:1)
  4 quokkas
  3 ball pythons (D:1)
  3 bats
  4 frilled lizards (D:1)
  A rat (D:1)
42 creatures vanquished.

Notes
Turn   | Place    | Note
-------+----------+-------------------------------------------
     0 | D:1      | FexLirch the Kobold Hexslinger began the quest for the Orb.
     0 | D:1      | Reached XP level 1. HP: 12/12 MP: 2/2
    91 | D:1      | Reached skill level 3 in Ranged Weapons
    99 | D:1      | Reached XP level 2. HP: 5/16 MP: 1/3
   312 | D:1      | Reached XP level 3. HP: 15/20 MP: 4/4
   363 | D:1      | Reached skill level 4 in Ranged Weapons
   838 | D:1      | Reached XP level 4. HP: 16/25 MP: 5/5
  1379 | D:2      | Reached skill level 5 in Ranged Weapons
  1520 | D:2      | HP: 1/25 [gnoll/+0 spear (9)]
  1522 | D:2      | Slain by a gnoll

Illustrated notes

Levels and vault maps discovered:
D:1:      psy_arrival_radial02, layout_basic, serial_corexii_hall,
          corexii_hall_statues_l, chequers_hall_statues_wall_a,
          corexii_hall_statues_s, chequers_hall_statues_wall_a
D:2:      layout_rooms, serial_rivers, chequers_serial_rivers_small_3,
          chequers_serial_rivers_room_a, chequers_serial_rivers_micro_e,
          chequers_serial_rivers_small_3

Skill      XL: |  1  2  3  4 |
---------------+-------------+-----
Ranged Weapons | 3 4 5 |  5.2
Fighting       | |  1.1
Dodging        | |  2.4
Spellcasting   | |  1.1
Hexes          | |  3.8

Action                     |  1- 3 |  4- 6 || total
---------------------------+-------+-------++-------
   Fire: Sling             |    95 |    53 ||   148
   Cast: Slow              |    14 |     7 ||    21
 Armour: Robe              |     7 |    12 ||    19
  Dodge: Dodged            |    37 |    31 ||    68

Table legend: (Time is in decaauts)
 A = Elapsed time spent in this place.
 B = Non-inter-level travel time spent in this place.
 C = Inter-level travel time spent in this place.
 D = Time resting spent in this place.
 E = Time spent auto-exploring this place.
 F = Levels seen in this place.
 G = Mean time per level.
                   A        B        C        D        E       F      G
               +--------+--------+--------+--------+--------+-----+--------+
         Total |   1549 |   1528 |     21 |     77 |   1109 |   2 |  774.5 |
       Dungeon |   1549 |   1528 |     21 |     77 |   1109 |   2 |  774.5 |
               +--------+--------+--------+--------+--------+-----+--------+

Top non-repeatable levels by time:
     D:1: 1310 daAuts
     D:2: 238 daAuts
